 Dungeon Crawl Stone Soup version 0.28-a0-1339-ga5422284a4 (webtiles) character file.

Game seed: 1014483465389671963

361 bearlyready the Magician (level 6, 0/40 HPs)
             Began as a Djinni Fire Elementalist on Dec 28, 2021.
             Slain by a gnoll sergeant (12 damage)
             ... on level 4 of the Dungeon.
             The game lasted 00:05:45 (4408 turns).

bearlyready the Magician (Djinni Fire Elementalist) Turns: 4408, Time: 00:05:46

Health: 0/40       AC:  2    Str:  7    XL:     6   Next: 98%
Gold:   37         EV: 12    Int: 18    God:
                   SH:  0    Dex: 14

rFire   + + .      SeeInvis .   h - +0 dagger (drain)
rCold   x . .      Faith    .   (no shield)
rNeg    . . .      Spirit   .   a - +0 robe
rPois   ∞          Reflect  .   (no helmet)
rElec   .          Harm     .   (no cloak)
rCorr   .          Rampage  .   (no gloves)
Will    .....                   (boots unavailable)
Stlth   ++........              (no amulet)
HPRegen 0.13/turn               (no ring)
MPRegen 0.00/turn               (no ring)

@: flying
A: sickness immunity, fire resistance 2, cold vulnerability 1, float, innate
caster, hp casting, extra vitality 1
a: no special abilities


You were on level 4 of the Dungeon.
You visited 1 branch of the dungeon, and saw 4 of its levels.

You collected 127 gold pieces.
You spent 90 gold pieces at shops.

Inventory:

Hand Weapons
 e - a +0 short sword
 h - a +0 dagger of draining (weapon)
 l - a +2 vorpal mace
 m - the +3 hand axe of Fedhas's Hatred {flame, Drain Str+3}
   (You found it on level 3 of the Dungeon)

   It burns those it strikes, dealing additional fire damage.
   Big, fiery blades are also staple armaments of hydra-hunters.
   Str:       It affects your strength (+3).
   Drain:     It drains your maximum health when unequipped.
Missiles
 f - 59 stones
 o - 5 sling bullets
Armour
 a - a +0 robe (worn)
 p - an orb of guile
Magical Staves
 r - a staff of conjuration
Scrolls
 d - 2 scrolls of teleportation
 i - 2 scrolls of blinking
 j - 2 scrolls of fear {unknown}
 n - a scroll of noise {unknown}
 q - 2 scrolls of enchant armour {unknown}
 s - a scroll of enchant weapon {unknown}
 t - a scroll of vulnerability {unknown}
Potions
 b - a potion of heal wounds {unknown}
 c - 3 potions of curing
 k - a potion of flight


   Skills:
 - Level 2.1 Dodging
 - Level 1.5 Stealth
 + Level 5.6 Spellcasting


You couldn't memorise any spells.
You knew the following spells:

 Your Spells              Type           Power      Damage    Failure   Level
a - Foxfire               Conj/Fire      100%       2x1d9     1%          1
b - Scorch                Fire           50%        2d7       1%          2
c - Conjure Flame         Conj/Fire      25%        6-21      3%          3
d - Inner Flame           Hex/Fire       25%        N/A       3%          3
e - Flame Wave            Conj/Fire      25%        2d6       12%         4
f - Sting                 Tmut/Pois      100%       1d8       1%          1
g - Poisonous Vapours     Pois/Air       50%        N/A       1%          2
Your spell library was empty.

Dungeon Overview and Level Annotations

Branches:
Dungeon (4/15)
 Temple: D:4-7

Altars:
Kikubaaqudgha
Trog
Zin

Annotations:
D:2 1 runed translucent door, Crazy Yiuf


Innate Abilities, Weirdness & Mutations

You are immune to sickness and miasma.
You are immune to poison.
Your flesh is very heat resistant. (rF++)
You are vulnerable to cold. (rC-)
You float through the air rather than walking.
You learn spells naturally, not from books.
Your magical power is your life essence.
You have superior vitality. (+4 MHP)


Message History

Flames lash the gnoll.
The gnoll is burned terribly!
The gnoll is almost dead.
Casting: Scorch (safe; 1% risk of failure)
Confirm with . or Enter, or press ? or * to list all spells.
Flames lash the gnoll.
The gnoll is burned terribly!
You kill the gnoll!
Casting: Scorch (safe; 1% risk of failure)
Confirm with . or Enter, or press ? or * to list all spells.
Flames lash the gnoll.
The gnoll is heavily wounded.
The gnoll's fire resistance burns away.
The gnoll sergeant hits you from afar with a +0 trident!
Casting: Scorch (safe; 1% risk of failure)
Confirm with . or Enter, or press ? or * to list all spells.
Flames lash the gnoll.
The gnoll is burned terribly!
You kill the gnoll!
The gnoll sergeant misses you.
Casting: Scorch (safe; 1% risk of failure)
Confirm with . or Enter, or press ? or * to list all spells.
Flames lash the gnoll.
The gnoll is almost dead.
The gnoll's fire resistance burns away.
* * * LOW HITPOINT WARNING * * *
You hear an angry hiss.
The gnoll sergeant completely misses you.
You feel better.
The gnoll sergeant hits you from afar with a +0 trident!
* * * LOW HITPOINT WARNING * * *
Casting: Scorch (safe; 1% risk of failure)
Confirm with . or Enter, or press ? or * to list all spells.
Flames lash the gnoll.
The gnoll is burned terribly!
You kill the gnoll!
* * * LOW HITPOINT WARNING * * *
The gnoll sergeant closely misses you.
You feel better.
The gnoll sergeant hits you from afar with a +0 trident!
* * * LOW HITPOINT WARNING * * *
You feel better.
The gnoll sergeant hits you from afar with a +0 trident!
You die...

##### #...#
###.@.###
#.......####
#...g.......
#...)...####
###.S)###
#...# ##.##
#######.##
#......).#


You could see a gnoll sergeant and a ball python.

Vanquished Creatures
  A water moccasin (D:3)
  A water moccasin skeleton (D:4)
  An orc wizard (D:2)
  3 adders
  7 gnolls
  A dart slug (D:4)
  7 orcs
  8 bats
  7 endoplasms
  3 giant cockroaches
  7 goblins
  6 hobgoblins
  8 jackals
  4 quokkas
  5 ball pythons
  6 frilled lizards
  5 kobolds
  4 rats
84 creatures vanquished.

Vanquished Creatures (others)
  182 foxfires
  2 fungi (D:2)
184 creatures vanquished.

Grand Total: 268 creatures vanquished

Notes
Turn   | Place    | Note
-------+----------+-------------------------------------------
     0 | D:1      | bearlyready the Djinni Fire Elementalist began the quest
                  | for the Orb.
     0 | D:1      | Reached XP level 1. HP: 15/15 MP: 0/0
   348 | D:1      | Reached XP level 2. HP: 18/21 MP: 0/0
   391 | D:1      | Found a faded altar of an unknown god.
   535 | D:1      | Reached skill level 3 in Spellcasting
   719 | D:1      | Reached XP level 3. HP: 11/25 MP: 0/0
   719 | D:1      | Learned a level 1 spell: Sting
  1076 | D:1      | You are sucked into a shaft and drop 1 floor!
  1386 | D:1      | Reached XP level 4. HP: 14/31 MP: 0/0
  2103 | D:2      | Found a runed translucent door.
  2104 | D:2      | Noticed Crazy Yiuf
  2164 | D:2      | Reached skill level 4 in Spellcasting
  2434 | D:3      | Reached XP level 5. HP: 33/35 MP: 0/0
  2434 | D:3      | Learned a level 2 spell: Poisonous Vapours
  2454 | D:3      | Identified the +3 hand axe of Fedhas's Hatred {flame, Drain
                  | Str+3}
  2841 | D:3      | Found a bloodstained altar of Trog.
  2869 | D:3      | Noticed a water moccasin
  2874 | D:3      | Killed a water moccasin
  2875 | D:3      | Reached skill level 5 in Spellcasting
  2875 | D:3      | Reached XP level 6. HP: 35/40 MP: 0/0
  3933 | D:4      | Found Zin's Purification Station.
  3936 | D:4      | Found a glowing silver altar of Zin.
  3951 | D:4      | Bought a potion of curing for 90 gold pieces
  4408 | D:4      | Slain by a gnoll sergeant

Illustrated notes

Levels and vault maps discovered:
D:1:      enne_arrival_octagon_isle, layout_loops_cross,
          shapermc_ecumenical_altar_notcrosses
D:2:      layout_rooms, uniq_crazy_yiuf_cottage
D:3:      layout_rooms, chequers_temple_overflow_statue_of_worship, st_stairs_4
D:4:      layout_loops_ring, zin_purify, serial_shops, shop,
          hangedman_decor_diamond_cutter, uniq_robin

Skill      XL: |  1  2  3  4  5 |
---------------+----------------+-----
Spellcasting   | 3 4 5 |  5.6
Dodging        | |  2.1
Stealth        | |  1.5

Action                   |  1- 3 |  4- 6 || total
-------------------------+-------+-------++-------
Melee: Unarmed           |     7 |       ||     7
       Short sword       |     1 |       ||     1
       Dagger            |    13 |    66 ||    79
 Cast: Foxfire           |    61 |    46 ||   107
       Scorch            |       |    25 ||    25
  Use: Scroll            |       |     3 ||     3
       Potion            |       |     3 ||     3
 Stab: Sleeping          |       |     1 ||     1
Armor: Robe              |     4 |    11 ||    15
Dodge: Dodged            |    28 |    80 ||   108

Table legend: (Time is in decaauts)
 A = Elapsed time spent in this place.
 B = Non-inter-level travel time spent in this place.
 C = Inter-level travel time spent in this place.
 D = Time resting spent in this place.
 E = Time spent auto-exploring this place.
 F = Levels seen in this place.
 G = Mean time per level.
                   A        B        C        D        E       F      G
               +--------+--------+--------+--------+--------+-----+--------+
         Total |   4409 |   4324 |     85 |    300 |   3369 |   4 | 1102.2 |
       Dungeon |   4409 |   4324 |     85 |    300 |   3369 |   4 | 1102.2 |
               +--------+--------+--------+--------+--------+-----+--------+

Top non-repeatable levels by time:
     D:1: 1468 daAuts
     D:3: 1382 daAuts
     D:2: 962 daAuts
     D:4: 595 daAuts
